 Dungeon Crawl Stone Soup version 0.30-a0-339-g89bb51ec76 (webtiles) character file.

Game seed: 14804175001874791010

27 Tocho the Cutter (level 3, 0/18 (21) HPs)
             Began as a Kobold Reaver on Oct 1, 2022.
             Constricted to death by a ball python (1 damage)
             ... on level 1 of the Dungeon on Oct 31, 2022.
             The game lasted 00:04:13 (711 turns).

Tocho the Cutter (Kobold Reaver)                     Turns: 711, Time: 00:04:13

HP:   0/18 (21)     AC:  3    Str:  9    XL:     3   Next: 25%
MP:   6/6           EV: 11    Int: 14    God:
Gold: 125           SH:  0    Dex: 15    Spells: 5/6 levels left

rFire   . . .      SeeInvis .    a - +0 short sword
rCold   . . .      Faith    .    (no shield)
rNeg    . . .      Spirit   .    b - +0 leather armour
rPois   .          Reflect  .    (no helmet)
rElec   .          Harm     .    (no cloak)
rCorr   .          Rampage  .    (no gloves)
Will    .....                    (no boots)
Stlth   ++........               (no amulet)
HPRegen 0.23/turn                (no ring)
MPRegen 0.10/turn                (no ring)

@: constricted, heavily drained
A: small, no large weapons, nightstalker 3
a: no special abilities


You were on level 1 of the Dungeon.
You visited 1 branch of the dungeon, and saw 1 of its levels.

You collected 125 gold pieces.

Inventory:

Hand Weapons
 a - a +0 short sword (weapon)
Armour
 b - a +0 leather armour (worn)
Scrolls
 c - a scroll of teleportation {unknown}
 e - a scroll of blinking {unknown}
 f - a scroll of enchant weapon {unknown}


   Skills:
 - Level 2.2 Fighting
 + Level 5.4 Short Blades
 - Level 2.5 Dodging
 - Level 2.2 Spellcasting
 - Level 3.0 Conjurations


You had 5 spell levels left.
You knew the following spells:

 Your Spells              Type           Power      Damage    Failure   Level
a - Kiss of Death         Conj/Necr      20%        2d7       19%         1

Your spell library contained the following spells:

 Spells                   Type           Power      Damage    Failure   Level
 Foxfire                  Conj/Fire      20%        2x1d5     19%         1
 Momentum Strike          Conj/Tloc      10%        3d8       26%         2
 Hailstorm                Conj/Ice       5%         3d4       47%         3
 Summon Ice Beast         Ice/Summ       1%         N/A       97%         4
 Fireball                 Conj/Fire      2%         3d4       99%         5
 Summon Mana Viper        Hex/Summ       1%         N/A       100%        5
 Starburst                Conj/Fire      2%         6d3       100%        6
 Monstrous Menagerie      Summ           0%         N/A       100%        7


Dungeon Overview and Level Annotations

Branches:
Dungeon (1/15)

Altars:


Innate Abilities, Weirdness & Mutations

You are small and have problems with some larger weapons.
You are completely attuned to the shadows.


Message History

The quokka barely misses you. The quokka attacks as you move away!
The quokka bites you.
* * * LOW HITPOINT WARNING * * *
The ball python bites you but does no damage.
The ball python barely misses you.
The ball python attacks as you move away!
The ball python closely misses you.
You hit the ball python.
The ball python is moderately wounded.
The ball python barely misses you. The ball python misses you.
The ball python bites you.
* * * LOW HITPOINT WARNING * * *
The ball python grabs you. The ball python constricts you.
Welcome back, Tocho the Kobold Reaver.
Press ? for a list of commands and other information.
You escape the ball python's grasp.
The ball python attacks as you move away!
The ball python closely misses you. The ball python misses you.
The ball python attacks as you move away!
The ball python barely misses you.
The ball python bites you but does no damage.
The ball python grabs you. The ball python constricts you.
* * * LOW HITPOINT WARNING * * *
Welcome back, Tocho the Kobold Reaver.
Press ? for a list of commands and other information.
You closely miss the ball python.
The ball python is moderately wounded.
You barely miss the ball python.
The ball python is moderately wounded.
The ball python bites you but does no damage.
The ball python constricts you.
It was a potion of cancellation.
You feel magically purged. The ball python barely misses you.
The ball python constricts you.
* * * LOW HITPOINT WARNING * * *
You hit the ball python but do no damage.
The ball python is moderately wounded.
The ball python bites you.
* * * LOW HITPOINT WARNING * * *
The ball python constricts you.
You die...

.......=.......#
##########
)$.............#
#.........
######........#
#......... #........#
#......... #........#
#......... #......K.#
#.........
##....†...#
#.........
#........r####
#.........
#.......KSS@.#
#.........
#..#.###.###.#
#.........
#..#...###...###
#.########
##.###.#.#.#...# #)#
# #..#......#.#.# #.#
# #.###.#.###.#.# #.#
# ##.#......#..#.#
##.# #
#..#.#.#.###.#.###..#
#....###...#)#.....##


You could see a quokka, 2 ball pythons and a kobold.

Vanquished Creatures
  A dart slug (D:1)
  2 bats (D:1)
  3 endoplasms (D:1)
  2 giant cockroaches (D:1)
  3 goblins (D:1)
  2 hobgoblins (D:1)
  A quokka (D:1)
  3 ball pythons (D:1)
  A frilled lizard (D:1)
  2 kobolds (D:1)
  2 rats (D:1)
22 creatures vanquished.

Vanquished Creatures (others)
  4 fungi (D:1)
  4 toadstools (D:1)
8 creatures vanquished.

Grand Total: 30 creatures vanquished

Notes
Turn   | Place    | Note
-------+----------+-------------------------------------------
     0 | D:1      | Tocho the Kobold Reaver began the quest for the Orb.
     0 | D:1      | Reached XP level 1. HP: 12/12 MP: 3/3
   149 | D:1      | Reached XP level 2. HP: 17/17 MP: 5/5
   413 | D:1      | Reached skill level 5 in Short Blades
   514 | D:1      | Reached XP level 3. HP: 18/18 MP: 6/6
   708 | D:1      | Upgraded the game from 0.30-a0-172-gc5509c9e31 to
                  | 0.30-a0-339-g89bb51ec76
   711 | D:1      | Constricted to death by a ball python

Illustrated notes

Levels and vault maps discovered:
D:1:      psy_arrival_radial01, layout_basic, minmay_gold_behind_fungi,
          minmay_indecisive_spiral

Skill      XL: |  1  2 |
---------------+-------+-----
Short Blades   | 5 |  5.4
Fighting       | |  2.2
Dodging        | |  2.5
Spellcasting   | |  2.2
Conjurations   | |  3.0

Action                   || total
-------------------------++-------
Melee: Short sword       ||    95
       Punch             ||     1
 Cast: Kiss of Death     ||     1
  Use: Potion            ||     1
 Stab: Sleeping          ||     3
Armor: Leather armour    ||    15
Dodge: Dodged            ||    81

Table legend: (Time is in decaauts)
 A = Elapsed time spent in this place.
 B = Non-inter-level travel time spent in this place.
 C = Inter-level travel time spent in this place.
 D = Time resting spent in this place.
 E = Time spent auto-exploring this place.
 F = Levels seen in this place.
 G = Mean time per level.
                   A        B        C        D        E       F      G
               +--------+--------+--------+--------+--------+-----+--------+
         Total |    688 |    688 |      0 |      0 |    455 |   1 |  688.0 |
       Dungeon |    688 |    688 |      0 |      0 |    455 |   1 |  688.0 |
               +--------+--------+--------+--------+--------+-----+--------+

Top non-repeatable levels by time:
     D:1: 688 daAuts
